Map: Dusk Towers

Players

Miszu

  • Race: Terran Terran
  • League: Master

MingLee - Winner!

  • Race: Zerg Zerg
  • League: Diamond

VOD

Have the link to the VOD?

Description

Time

  • Played on: April 19, 2016, 2:51 p.m.
  • Length: 5:08
Show
View Real Time Build Order
Export as new Build Order

Miszu Terran 

Build Orders:  

Get SALT Encoding   

  12  0:00  SCV  
  13  0:13  SCV  
  14  0:18  Supply Depot  
  14  0:25  SCV  
  15  0:41  Barracks  
  15  0:52  Barracks  
  15  1:05  Barracks  
  15  1:28  Marine  
  15  1:30  Barracks  
  16  1:38  Marine  
  16  1:39  Supply Depot  
  17  1:46  Marine  
  18  1:51  Marine  
  19  1:56  Marine  
  20  2:03  Marine  
  21  2:09  Marine  
  21  2:14  Marine  
  23  2:21  Marine  
  24  2:23  Marine  
  24  2:27  Marine  
  26  2:31  Supply Depot  
  26  2:32  Marine  
  27  2:39  Marine  
  27  2:41  Marine  
  29  2:45  Marine  
  29  2:49  Marine  
  31  2:57  Marine  
  31  2:59  Marine  
  27  3:09  Marine x2  
  29  3:15  Marine  
  29  3:17  Marine  
  31  3:26  Marine  
  32  3:27  Marine  
  32  3:32  Marine  
  34  3:35  Marine  
  35  3:44  Marine  
  35  3:45  Marine  
  37  3:50  Marine  
Show
View Real Time Build Order
Export as new Build Order

MingLee Zerg - Winner!

Build Orders: Pool Only, Ravager All-In 

Get SALT Encoding   

  12  0:01  Drone  
  13  0:07  Drone  
  14  0:25  Spawning Pool  
  13  0:29  Drone  
  14  0:36  Overlord  
  14  0:52  Extractor x2, Drone x2  
  14  0:58  Drone  
  15  1:07  Drone  
  16  1:13  Roach Warren  
  15  1:23  Queen  
  17  1:31  Drone  
  18  1:40  Overlord  
  18  1:55  Roach  
  18  1:56  Roach  
  22  2:04  Roach  
  24  2:11  Roach  
  26  2:27  Ravager x3  
  29  2:35  Ravager  
  30  2:39  Overlord  
  30  2:46  Spine Crawler  
  30  2:50  Drone  
  30  3:11  Roach x3  
  36  3:23  Overlord, Drone x2  
  38  3:45  Ravager x2  
  40  3:49  Drone x2  
  39  4:01  Roach  
  35  4:18  Roach  
  35  4:23  Roach x2  
  32  4:36  Roach  
  21  4:46  Roach  
  10  5:04  Ravager  
Tags
 
Add a new tag
Caveats
  • Supply blocks, unpowered buildings, or Contaminate may cause inaccurate times.
  • Supply counts are checked every 10 seconds.